 Dungeon Crawl Stone Soup version 0.29-a0-613-gf2c431b9b9 (webtiles) character file.

Game seed: 6079428179102673969

2 HoaS the Bolt Thrower (level 1, -1/12 HPs)
             Began as a Gargoyle Hunter on June 16, 2022.
             Frozen to death by an endoplasm (3 damage)
             ... on level 1 of the Dungeon.
             The game lasted 00:00:17 (46 turns).

HoaS the Bolt Thrower (Gargoyle Hunter)               Turns: 46, Time: 00:00:18

Health: -1/12      AC:  5    Str: 14    XL:     1   Next: 40%
Magic:  1/1        EV: 11    Int:  9    God:
Gold:   0          SH:  0    Dex: 13    Spells: 0/0 levels left

rFire   . . .      SeeInvis .   a - +1 hand crossbow
rCold   . . .      Faith    .   (no shield)
rNeg    + . .      Spirit   .   b - +0 leather armour
rPois   ∞          Reflect  .   (no helmet)
rElec   +          Harm     .   (no cloak)
rCorr   .          Rampage  .   (no gloves)
Will    .....                   (no boots)
Stlth   +.........              (no amulet)
HPRegen 0.04/turn               (no ring)
MPRegen 0.07/turn               (no ring)

@: no status effects
A: sickness immunity, AC +2, negative energy resistance 1, electricity
resistance, torment resistance 1, petrification resistance
a: no special abilities


You were on level 1 of the Dungeon.
You visited 1 branch of the dungeon, and saw 1 of its levels.

Inventory:

Hand Weapons
 a - a +1 hand crossbow (weapon)
Armour
 b - a +0 leather armour (worn)
Scrolls
 c - a scroll of immolation
 d - a scroll of blinking {unknown}


   Skills:
 - Level 2.1 Fighting
 + Level 4.1 Crossbows
 - Level 1.5 Dodging
 - Level 1.1 Stealth


You couldn't memorise any spells.
You didn't know any spells.
Your spell library was empty.

Dungeon Overview and Level Annotations

Branches:
Dungeon (1/15)

Altars:

Shops:
D:1 (


Innate Abilities, Weirdness & Mutations

You are immune to sickness and miasma.
Your stone body is resilient. (AC +2)
You are immune to poison.
You resist negative energy. (rN+)
You are resistant to electric shocks. (rElec)
You are resistant to unholy torment.
You are immune to petrification.


Message History

You shoot a bolt. The bolt barely misses the jackal.
The jackal bites you but does no damage.
The jackal closely misses you.
You shoot a bolt. The bolt hits the jackal.
The jackal is moderately wounded.
The jackal barely misses you. The jackal misses you.
You shoot a bolt.
The bolt hits the jackal but does no damage.
The jackal is moderately wounded.
The jackal barely misses you. The endoplasm freezes you.
You are frozen.
The jackal bites you.
You are too injured to fight recklessly!
You are too injured to fight recklessly!
You are too injured to fight recklessly!
Shoot: a) +1 hand crossbow
Press: ? - help, Q - select action Shift-Dir - straight line, f/p - jackal
Aim: a jackal (moderately wounded, 56% to hit)
You shoot a bolt. The bolt hits the jackal.
The jackal is heavily wounded.
The jackal misses you.
The endoplasm hits you but does no damage.
The jackal barely misses you.
Shoot: a) +1 hand crossbow
Press: ? - help, Q - select action Shift-Dir - straight line, f/p - jackal
Aim: a jackal (heavily wounded, 56% to hit)
You shoot a bolt. The bolt hits the jackal.
The jackal is almost dead.
The endoplasm freezes you.
You are frozen.
* * * LOW HITPOINT WARNING * * *
The jackal barely misses you. The endoplasm barely misses you.
Shoot: a) +1 hand crossbow
Press: ? - help, Q - select action Shift-Dir - straight line, f/p - jackal
Aim: a jackal (almost dead, 56% to hit)
You shoot a bolt. The bolt hits the jackal.
You kill the jackal!
The endoplasm freezes you.
You are frozen.
You die...

#...#.##.##...###.#
####'##.#...........#
..#...#.#####.......+
<.#...+>......8.....# .
..#...#.......>.....# ..
'###'##...#.8.∩.8...#...
..#...#...##^....#......
⌠.'...#. .....8#........
..#...#.........@J......
####+#####............?.
....†....####+#.
..........# ..........#
........# ..#####.# ..
...


You could see an endoplasm.

Vanquished Creatures
  A hobgoblin (D:1)
  2 jackals (D:1)
3 creatures vanquished.

Notes
Turn   | Place    | Note
-------+----------+-------------------------------------------
     0 | D:1      | HoaS the Gargoyle Hunter began the quest for the Orb.
     0 | D:1      | Reached XP level 1. HP: 12/12 MP: 1/1
    28 | D:1      | Found Luoruty's Antique Weapon Shoppe.
    46 | D:1      | Frozen to death by an endoplasm

Illustrated notes

Levels and vault maps discovered:
D:1:      co_arrival_random_square_maze, layout_basic, serial_shops,
          nicolae_shop_statue_plus, shop, nicolae_shop_waterfront, shop

Action                   || total
-------------------------++-------
 Fire: Hand crossbow     ||    13
Armor: Leather armour    ||     4
Dodge: Dodged            ||     8

Table legend: (Time is in decaauts)
 A = Elapsed time spent in this place.
 B = Non-inter-level travel time spent in this place.
 C = Inter-level travel time spent in this place.
 D = Time resting spent in this place.
 E = Time spent auto-exploring this place.
 F = Levels seen in this place.
 G = Mean time per level.
                   A        B        C        D        E       F      G
               +--------+--------+--------+--------+--------+-----+--------+
         Total |     50 |     50 |      0 |      0 |     29 |   1 |   50.0 |
       Dungeon |     50 |     50 |      0 |      0 |     29 |   1 |   50.0 |
               +--------+--------+--------+--------+--------+-----+--------+

Top non-repeatable levels by time:
     D:1: 50 daAuts
